 Dungeon Crawl Stone Soup version 0.27-a0-836-gfc908b8576 (webtiles) character file.

Game seed: 10644266838885749165

371 polve the Ruffian (level 6, -6/52 HPs)
             Began as a Draconian Transmuter on Apr 1, 2021.
             Mangled by Pikel
             ... wielding a +1 whip of electrocution
              (20 damage)
             ... on level 5 of the Dungeon.
             The game lasted 00:04:57 (5552 turns).

polve the Ruffian (Draconian Transmuter)            Turns: 5552, Time: 00:04:57

Health: -6/52      AC:  6    Str: 13    XL:     6   Next: 42%
Magic:  8/9        EV: 12    Int: 15    God:
Gold:   152        SH:  0    Dex: 11    Spells: 8/9 levels left

rFire    . . .     SeeInvis .     - Unarmed
rCold    . . .     Faith    .   (no shield)
rNeg     . . .     Spirit   .   (armour unavailable)
rPois    .         Reflect  .   (helmet currently unavailable)
rElec    .         Harm     .   (no cloak)
rCorr    .         Rampage  .   (no gloves)
Will     .....                  (boots currently unavailable)
Stlth    +.........             (no amulet)
HPRegen  0.17/turn              (no ring)
MPRegen  0.11/turn              (no ring)

@: appendages
A: horns 2, talons 2, AC +6, unfitting armour, cold-blooded
a: End Transformation


You were on level 5 of the Dungeon.
You had temporarily grown beastly horns and talons.
You visited 1 branch of the dungeon, and saw 5 of its levels.
You also visited: Ossuary.

You collected 152 gold pieces.

Inventory:

Scrolls
 a - a scroll of enchant armour {unknown}
 b - 2 scrolls of amnesia {unknown}
 c - 5 scrolls of teleportation {unknown}
 e - 3 scrolls of fear {unknown}
 f - a scroll of vulnerability {unknown}
 h - a scroll of enchant weapon {unknown}
 i - a scroll of noise {unknown}
 o - 3 scrolls of fog {unknown}
 p - a scroll of immolation {unknown}
 q - 3 scrolls of identify {unknown}
Potions
 d - 2 potions of heal wounds
 g - 2 potions of curing {unknown}
 j - a potion of might {unknown}
 k - 2 potions of degeneration {unknown}
 l - a potion of berserk rage {unknown}
 m - a potion of flight {unknown}
 r - 2 potions of haste {unknown}


   Skills:
 + Level 4.1 Fighting
 - Level 1.7 Dodging
 * Level 6.2 Unarmed Combat
 - Level 2.0 Spellcasting
 - Level 2.0 Transmutations


You had 8 spell levels left.
You knew the following spells:

 Your Spells              Type           Power      Damage    Failure   Level
a - Beastly Appendage     Tmut           14%        N/A       10%         1

Your spell library contained the following spells:

 Spells                   Type           Power      Damage    Failure   Level
 Wereblood                Tmut           7%         N/A       14%         2
 Spider Form              Tmut/Pois      2%         N/A       41%         3
 Ice Form                 Ice/Tmut       4%         N/A       82%         4
 Hydra Form               Tmut           3%         N/A       95%         5


Dungeon Overview and Level Annotations

Branches:
Dungeon (5/15)            Ossuary (visited)
 Temple: D:4-7

Altars:
Fedhas
Makhleb
Vehumet

Shops:
D:4 (*

Annotations:
D:5 Pikel


Innate Abilities, Weirdness & Mutations

You have temporarily grown beastly horns and talons.
Your plain brown scales are hard. (AC +6)
You cannot fit into any form of body armour.
You are cold-blooded and may be slowed by cold attacks.


Message History

The lemure is almost dead.
The lemure hits you.
You hit the lemure. You claw the lemure.
You kill the lemure!
That felt strangely unrewarding.
The lemure misses you.
You hit the lemure but do no damage. The lemure hits you.
You closely miss the lemure.
Your transformation is almost over.
Pikel says, "You'll feel the lick of my whip!"
You hit Pikel but do no damage. Your kick misses Pikel. You headbutt Pikel.
Pikel is lightly wounded.
You hit Pikel. Your headbutt misses Pikel.
Pikel is moderately wounded.
Pikel hits you with a +1 whip of electrocution!
You are electrocuted!
You are too injured to fight recklessly!
You are too injured to fight recklessly!
You are too injured to fight recklessly!
You are too injured to fight recklessly!
You see here 14 stones.
Your horns disappear.
Your talons disappear.
It was a potion of heal wounds.
You feel much better. Pikel barely misses you.
Casting: Beastly Appendage (safe; 10% risk of failure)
Confirm with . or Enter, or press ? or * to list all spells.
Okay, then.
Casting: Beastly Appendage (safe; 10% risk of failure)
Confirm with . or Enter, or press ? or * to list all spells.
You grow a pair of large bovine horns.
Your feet morph into talons.
Pikel hits you with a +1 whip of electrocution!
You are electrocuted!!
You hit Pikel but do no damage. Your headbutt misses Pikel.
Pikel is lightly wounded.
Pikel closely misses you.
You closely miss Pikel.
Pikel is lightly wounded.
Pikel hits you with a +1 whip of electrocution!
* * * LOW HITPOINT WARNING * * *
You are electrocuted!!
You die...

#........# ##......<#
#...
#.###....###.........#
...
#.##.......'.........+
..
#.###....###.........#
#5 #.# #....#
##.......## #5## #.#
#.##.# ##...).## #5#
#.# #.##.# ####...####
## ##. #.###.##.#
#.........# #.# ##
#........# #.# #@###.#
#.###.
#####.######.###K# #.#
#.#.#
#........")55###.#
#.(##
########.##...##.#
#5## #....5....# #.#
####...###########.#
##.## #.....5.#
#.######.#######
#...5.5..#


You could see Pikel and 3 lemures.

Vanquished Creatures
  A lemure (D:5)
  A hound (D:4)
  An orc priest (D:5)
  A bullfrog skeleton (D:5)
  An orc wizard (D:5)
  A hound skeleton (D:4)
  2 mummies
  A gnoll (D:4)
  8 adders
  2 worms
  2 dart slugs
  2 orcs (D:5)
  3 spectral bats (Ossuary)
  7 endoplasms
  2 giant cockroaches (D:1)
  5 goblins
  9 hobgoblins
  6 jackals
  9 kobolds
  3 quokkas
  7 ball pythons
  5 bats
  2 bat simulacra (Ossuary)
  3 frilled lizards
  12 gnoll zombies (Ossuary)
  7 goblin simulacra (Ossuary)
  5 goblin zombies (Ossuary)
  2 hobgoblin zombies (Ossuary)
  A kobold simulacrum (Ossuary)
  9 kobold zombies (Ossuary)
  2 orc zombies (Ossuary)
  4 rats
  4 rat simulacra (Ossuary)
  3 spectral goblins (Ossuary)
  2 spectral kobolds (Ossuary)
  5 spectral rats (Ossuary)
140 creatures vanquished.

Notes
Turn   | Place    | Note
-------+----------+-------------------------------------------
     0 | D:1      | polve the Draconian Transmuter began the quest for the Orb.
     0 | D:1      | Reached XP level 1. HP: 16/16 MP: 3/3
   351 | D:1      | Reached XP level 2. HP: 20/23 MP: 5/5
  1040 | D:1      | Reached XP level 3. HP: 29/29 MP: 4/6
  1187 | D:2      | Found a blossoming altar of Fedhas.
  1252 | D:2      | Reached skill level 4 in Unarmed Combat
  1792 | D:2      | Reached XP level 4. HP: 29/37 MP: 7/7
  1912 | D:2      | Found a radiant altar of Vehumet.
  3227 | D:4      | Found Duyt Qeh's General Store.
  3280 | D:4      | Reached skill level 5 in Unarmed Combat
  3417 | D:4      | Reached XP level 5. HP: 35/45 MP: 5/8
  3657 | D:4      | Found Seugauv's Book Emporium.
  3718 | D:4      | Found a sand-covered staircase.
  3730 | Ossuary  | Entered an ossuary
  4657 | D:4      | Found Liqe's Antique Weapon Shoppe.
  5036 | D:4      | Found a burning altar of Makhleb.
  5044 | D:4      | Reached XP level 6. HP: 43/52 MP: 7/9
  5208 | D:5      | Entered Level 5 of the Dungeon
  5284 | D:5      | Reached skill level 6 in Unarmed Combat
  5509 | D:5      | Noticed Pikel
  5552 | D:5      | Mangled by Pikel

Illustrated notes

Levels and vault maps discovered:
D:1:      psy_arrival_radial01, layout_basic
D:2:      layout_loops_ring, lemuel_doored_altar, nicolae_vehumet_radiance,
          st_stairs_4
D:3:      layout_basic
D:4:      layout_basic, gup_ossuary_entry_pyramid, serial_shops, shop,
          kennysheep_mini_moat, shop, makhleb_heckhound_becter
D:5:      layout_loops_corners, nicolae_wu_jian_immortal_techniques,
          okawaru_altar_gauntlet_db, minmay_misc_feat_doors, uniq_pikel

Skill      XL: |  1  2  3  4  5  6 |
---------------+-------------------+-----
Fighting       | 2 3 4 |  4.1
Unarmed Combat | 4 5 6 |  6.2
Dodging        | |  1.7
Spellcasting   | |  2.0
Transmutations | |  2.0

Action                   |  1- 3 |  4- 6 || total
-------------------------+-------+-------++-------
Melee: Unarmed           |   151 |   306 ||   457
       Kick              |    14 |    45 ||    59
       Tailslap          |    13 |    32 ||    45
       Headbutt          |    10 |    23 ||    33
       Punch             |     1 |     8 ||     9
 Cast: Beastly Appendage |    22 |    46 ||    68
  Use: Potion            |       |     1 ||     1
 Stab: Sleeping          |       |     1 ||     1
Armor: Skin              |    55 |    90 ||   145
Dodge: Dodged            |    79 |   198 ||   277

Table legend: (Time is in decaauts)
 A = Elapsed time spent in this place.
 B = Non-inter-level travel time spent in this place.
 C = Inter-level travel time spent in this place.
 D = Time resting spent in this place.
 E = Time spent auto-exploring this place.
 F = Levels seen in this place.
 G = Mean time per level.
                   A        B        C        D        E       F      G
               +--------+--------+--------+--------+--------+-----+--------+
         Total |   5513 |   5419 |     94 |      0 |   4478 |   6 |  918.8 |
       Dungeon |   4813 |   4719 |     94 |      0 |   4061 |   5 |  962.6 |
       Ossuary |    699 |    699 |      0 |      0 |    417 |   1 |  699.0 |
               +--------+--------+--------+--------+--------+-----+--------+

Top non-repeatable levels by time:
     D:2: 1304 daAuts
     D:4: 1162 daAuts
     D:1: 1160 daAuts
     D:3: 845 daAuts
 Ossuary: 699 daAuts
     D:5: 340 daAuts
